 Dungeon Crawl Stone Soup version 0.28.0-55-gcd9437bce4 (webtiles) character file.

Game seed: 16312427516296399908

21 Atelerd the Digger (level 2, -5/17 HPs)
             Began as an Octopode Earth Elementalist on Jan 4, 2023.
             Slain by a goblin
             ... wielding a +0 club
             ... led by Robin
              (7 damage)
             ... on level 2 of the Dungeon.
             The game lasted 00:01:06 (1516 turns).

Atelerd the Digger (Octopode Earth Elementalist)    Turns: 1516, Time: 00:01:06

Health: -5/17      AC:  1    Str:  7    XL:     2   Next: 83%
Magic:  5/5        EV: 13    Int: 17    God:
Gold:   42         SH:  0    Dex: 12    Spells: 4/5 levels left

rFire   . . .      SeeInvis .   a - +0 dagger
rCold   . . .      Faith    .   (no shield)
rNeg    . . .      Spirit   .   (helmet restricted)
rPois   .          Reflect  .   (no amulet)
rElec   .          Harm     .   (no ring)
rCorr   .          Rampage  .   (no ring)
Will    .....                   (no ring)
Stlth   +++.......              (no ring)
HPRegen 0.05/turn               (no ring)
MPRegen 0.09/turn               (no ring)
                                (no ring)
                                (no ring)

@: no status effects
A: almost no armour, amphibious, 8 rings, camouflage 1, gelatinous body 1,
(nimble swimmer 1), tentacles
a: no special abilities


You were on level 2 of the Dungeon.
You visited 1 branch of the dungeon, and saw 2 of its levels.

You collected 42 gold pieces.

Inventory:

Hand Weapons
 a - a +0 dagger (weapon)
Missiles
 b - 19 stones
Jewellery
 h - a ring of fire
 j - a ring of poison resistance
Scrolls
 c - 2 scrolls of identify {unknown}
 f - a scroll of blinking {unknown}
Potions
 d - a potion of heal wounds {unknown}
 e - a potion of invisibility {unknown}
 g - a potion of might {unknown}
 i - a potion of magic {unknown}


   Skills:
 + Level 0.1 Short Blades
 - Level 2.0 Dodging
 + Level 3.0 Stealth
 + Level 2.4 Spellcasting
 + Level 1.0 Transmutations
 + Level 3.4 Earth Magic


You had 4 spell levels left.
You knew the following spells:

 Your Spells              Type           Power      Damage    Failure   Level
a - Sandblast             Erth           26%        2d8       4%          1

Your spell library contained the following spells:

 Spells                   Type           Power      Damage    Failure   Level
 Passwall                 Tmut/Erth      7%         N/A       11%         2
 Stone Arrow              Conj/Erth      14%        3d7       26%         3
 Petrify                  Tmut/Erth      9%         N/A       58%         4


Dungeon Overview and Level Annotations

Branches:
Dungeon (2/15)

Altars:

Annotations:
D:2 Robin


Innate Abilities, Weirdness & Mutations

You cannot wear most types of armour.
You are amphibious.
You can wear up to eight rings at the same time.
Your skin changes colour to match your surroundings (Stealth+).
Your rubbery body absorbs attacks. (AC +1, EV +1)
((You are camouflaged when in or above water. (Stealth+)))
You have tentacles for arms and can constrict up to eight enemies at once.


Message History

The hobgoblin shouts!
The goblin shouts! x3; You hear a shout!
The hobgoblin shouts!
The goblin shouts!
There are monsters nearby!
There are monsters nearby!
A goblin comes into view. It is wielding a +0 club.
Robin shouts!
The goblin shouts!
The hobgoblin shouts!
The goblin hits you with a +0 dagger.
There are monsters nearby!
You barely miss the goblin. Your grab misses the goblin.
The goblin hits you with a +3 dagger. The goblin hits you with a +0 dagger.
You hit the goblin. You grab the goblin. Your squeeze misses the goblin.
The goblin is moderately wounded.
You constrict the goblin, but do no damage.
The goblin hits you with a +3 dagger. The goblin hits you with a +0 dagger.
Robin says, "Kneel, worm!"
Robin throws the goblin at you!
A goblin comes into view. It is wielding a +0 dagger.
There are monsters nearby!
There are monsters nearby!
Casting: Sandblast (safe; 4% risk of failure)
Confirm with . or Enter, or press ? or * to list all spells.
Aiming: Sandblast (safe; 4% risk of failure)
Press: ? - help, Shift-Dir - straight line, f - goblin
Aim: a goblin, wielding a +3 dagger (74% to hit)
The blast of sand hits the goblin!
You kill the goblin!
You constrict the goblin, but do no damage.
The goblin hits you with a +3 dagger.
* * * LOW HITPOINT WARNING * * *
The hobgoblin closely misses you. The goblin hits you with a +0 dagger.
* * * LOW HITPOINT WARNING * * *
The goblin hits you but does no damage.
Unknown command.
You release your grip on the goblin.
The hobgoblin barely misses you. The goblin closely misses you.
You see here a +3 dagger.
Robin roars a battlecry!
The goblins go into a battle-frenzy!
Robin throws the goblin at you! The goblin hits you with a +0 club!
You die...

......g........
#gg...(.. ##)#.###..
#.g# # ##.## ####g.#
####.g..##
################g.g.####
##.....##.......@g####
#...........<..####
...)............#
................#
...........[....#
....(......†....#
................#
................#
#..............##


You could see Robin, 2 hobgoblins and 2 goblins.

Vanquished Creatures
  2 ball pythons (D:1)
  An endoplasm (D:1)
  2 giant cockroaches (D:1)
  3 goblins
  4 hobgoblins
  A quokka (D:1)
  2 frilled lizards (D:1)
  A kobold (D:1)
  2 rats
18 creatures vanquished.

Notes
Turn   | Place    | Note
-------+----------+-------------------------------------------
     0 | D:1      | Atelerd the Octopode Earth Elementalist began the quest for
                  | the Orb.
     0 | D:1      | Reached XP level 1. HP: 11/11 MP: 3/3
   554 | D:1      | Reached XP level 2. HP: 17/17 MP: 5/5
  1501 | D:2      | Noticed Robin
  1516 | D:2      | Slain by a goblin

Illustrated notes

Levels and vault maps discovered:
D:1:      lightli_iron_boxes, layout_rooms
D:2:      layout_rooms, uniq_robin

Skill      XL: |  1  2 |
---------------+-------+-----
Stealth        | 3 |  3.0
Short Blades   | |  0.1
Dodging        | |  2.0
Spellcasting   | |  2.4
Transmutations | |  1.0
Earth Magic    | |  3.4

Action                   || total
-------------------------++-------
Melee: Unarmed           ||     5
       Constrict         ||     8
       Tentacles         ||     3
       Dagger            ||    26
       Punch             ||     1
 Cast: Sandblast         ||    11
 Stab: Sleeping          ||     7
Armor: Skin              ||     1
Dodge: Dodged            ||    24
